 Dungeon Crawl Stone Soup version 0.28.0-53-g5a82cb258f (webtiles) character file.

Game seed: 12158903779462994036

373 Asher535 the Digger (level 6, 0/32 HPs)
             Began as a Gargoyle Earth Elementalist on July 28, 2022.
             Slain by an ogre
             ... wielding a +0 giant spiked club
             ... summoned by an orc
              (30 damage)
             ... on level 4 of the Dungeon.
             The game lasted 00:26:29 (5757 turns).

Asher535 the Digger (Gargoyle Earth Elementalist)   Turns: 5757, Time: 00:26:29

Health: 0/32       AC:  7    Str: 11    XL:     6   Next: 71%
Magic:  7/11       EV: 11    Int: 18    God:
Gold:   128        SH:  3    Dex: 10    Spells: 8/12 levels left

rFire   x . .      SeeInvis .   f - +0 dagger
rCold   + . .      Faith    .   d - +0 buckler
rNeg    + . .      Spirit   .   b - +0 robe
rPois   ∞          Reflect  .   n - +0 helmet
rElec   +          Harm     .   (no cloak)
rCorr   .          Rampage  .   (no gloves)
Will    .....                   (no boots)
Stlth   ++........              (no amulet)
HPRegen 0.10/turn               e - ring of ice
MPRegen 0.12/turn               (no ring)

@: no status effects
A: sickness immunity, AC +4, negative energy resistance 1, electricity
resistance, torment resistance 1, petrification resistance
a: no special abilities


You were on level 4 of the Dungeon.
You visited 1 branch of the dungeon, and saw 4 of its levels.

You collected 128 gold pieces.

Inventory:

Hand Weapons
 f - a +0 dagger (weapon)
Missiles
 a - 11 stones
 m - 8 boomerangs
 p - 2 poisoned darts
Armour
 b - a +0 robe (worn)
 d - a +0 buckler (worn)
 h - a +0 leather armour
 j - a +0 chain mail
 k - a +0 ring mail
 n - a +0 helmet (worn)
Jewellery
 e - a ring of ice (left hand)
Scrolls
 l - a scroll of vulnerability
 o - a scroll of summoning
Potions
 c - 2 potions of ambrosia
 g - a potion of curing {unknown}
 i - 2 potions of cancellation {unknown}


   Skills:
 + Level 3.6 Armour
 + Level 2.5 Dodging
 - Level 2.1 Stealth
 + Level 3.6 Spellcasting
 - Level 0.2 Conjurations
 * Level 1.2 Transmutations
 + Level 5.3 Earth Magic


You had 8 spell levels left.
You knew the following spells:

 Your Spells              Type           Power      Damage    Failure   Level
a - Sandblast             Erth           44%        2d11      2%          1
b - Stone Arrow           Conj/Erth      26%        3d8       21%         3

Your spell library contained the following spells:

 Spells                   Type           Power      Damage    Failure   Level
 Passwall                 Tmut/Erth      12%        N/A       9%          2
 Blink                    Tloc           6%         N/A       32%         2
 Petrify                  Tmut/Erth      15%        N/A       47%         4
 Lesser Beckoning         Tloc           3%         N/A       54%         3
 Manifold Assault         Tloc           3%         N/A       99%         5


Dungeon Overview and Level Annotations

Branches:
Dungeon (4/15)
 Temple: D:4-7

Altars:
Okawaru

Shops:
D:4 [

Annotations:
D:3 1 runed translucent door, yokelz's ghost, amateur DEFE


Innate Abilities, Weirdness & Mutations

You are immune to sickness and miasma.
Your stone body is resilient. (AC +4)
You are immune to poison.
You resist negative energy. (rN+)
You are resistant to electric shocks. (rElec)
You are resistant to unholy torment.
You are immune to petrification.


Message History

An orc comes into view. It is wielding a +0 dagger.
The orc throws an atropa-tipped dart.
The atropa-tipped dart hits you!
You are unaffected.
You see here a +0 flail.
Unknown command.
The orc shouts!
The orc reads a scroll.
Wisps of shadow swirl around the orc.
The orc throws an atropa-tipped dart.
The atropa-tipped dart hits you.
You are unaffected.
Casting: Sandblast (safe; 2% risk of failure)
Confirm with . or Enter, or press ? or * to list all spells.
Aiming: Sandblast (safe; 2% risk of failure)
Press: ? - help, Shift-Dir - straight line, f - ogre
Aim: an ogre, wielding a +0 giant club (91% to hit)
The blast of sand hits the ogre!
The ogre is heavily wounded.
Casting: Sandblast (safe; 2% risk of failure)
Confirm with . or Enter, or press ? or * to list all spells.
Aiming: Sandblast (safe; 2% risk of failure)
Press: ? - help, Shift-Dir - straight line, f/p - ogre
Aim: an ogre, wielding a +0 giant club (heavily wounded, 91% to hit)
The blast of sand hits the ogre!
The ogre is almost dead.
Casting: Sandblast (safe; 2% risk of failure)
Confirm with . or Enter, or press ? or * to list all spells.
Aiming: Sandblast (safe; 2% risk of failure)
Press: ? - help, Shift-Dir - straight line, f/p - ogre
Aim: an ogre, wielding a +0 giant club (almost dead, 91% to hit)
The blast of sand hits the ogre!
You kill the ogre!
Casting: Sandblast (safe; 2% risk of failure)
Confirm with . or Enter, or press ? or * to list all spells.
Aiming: Sandblast (safe; 2% risk of failure)
Press: ? - help, Shift-Dir - straight line, f - ogre
Aim: an ogre, wielding a +0 giant spiked club (summoned, 91% to hit)
The blast of sand hits the ogre!
The ogre is heavily wounded.
The ogre hits you with a +0 giant spiked club!!
Ouch! That really hurt!
You die...

....# #......##......
....######......###..###
....'....'.)....'....##
....######......####..# .#
....# #.......####.###.#
....# ####.##.##..∩..#.#
....#########.##.##.#.#.#.#
...................>......#
################@##.##.#..#
#O##.##....# #.##.###...#
#)##.......# #o###......#
#.###.....##.
#########oo..........
#........o..##....###
#...........##.##.#


You could see an ogre (summoned) and 4 orcs.

Vanquished Creatures
  An ogre (D:4)
  A howler monkey (D:4)
  A hound (D:4)
  A bullfrog skeleton (D:4)
  An iguana (D:4)
  An orc wizard (D:4)
  Robin (D:3)
  4 gnolls (D:2)
  2 adders
  A dart slug (D:1)
  5 orcs
  4 bats
  5 endoplasms
  3 giant cockroaches (D:1)
  17 goblins
  6 hobgoblins
  4 kobolds
  6 ball pythons
  A frilled lizard (D:3)
  5 rats
70 creatures vanquished.

Notes
Turn   | Place    | Note
-------+----------+-------------------------------------------
     0 | D:1      | Asher535 the Gargoyle Earth Elementalist began the quest
                  | for the Orb.
     0 | D:1      | Reached XP level 1. HP: 10/10 MP: 3/3
   117 | D:1      | Reached skill level 4 in Earth Magic
   207 | D:1      | Reached XP level 2. HP: 15/15 MP: 3/5
   866 | D:1      | Reached XP level 3. HP: 19/19 MP: 6/6
   909 | D:1      | Learned a level 3 spell: Stone Arrow
  1851 | D:2      | Reached skill level 1 in Armour
  1851 | D:2      | Reached XP level 4. HP: 19/24 MP: 4/8
  2694 | D:3      | Noticed Robin
  2843 | D:3      | Found a runed translucent door.
  2848 | D:3      | Noticed yokelz's ghost (amateur DEFE)
  3620 | D:3      | Killed Robin
  3621 | D:3      | Reached XP level 5. HP: 20/28 MP: 9/9
  4127 | D:3      | Found an iron altar of Okawaru.
  4825 | D:4      | Reached skill level 5 in Earth Magic
  4825 | D:4      | Reached XP level 6. HP: 14/32 MP: 2/10
  5605 | D:4      | Reached skill level 1 in Transmutations
  5703 | D:4      | Found Hyzofim's Antique Armour Emporium.
  5757 | D:4      | Slain by an ogre

Illustrated notes

Levels and vault maps discovered:
D:1:      wander_arrival_lonely_grave, layout_loops_ring
D:2:      layout_rooms
D:3:      layout_loops_corners, okawaru_metal_pillars_1_2,
          ebering_ghost_inner_flame, kennysheep_minor_cross, uniq_robin
D:4:      layout_basic, biasface_ghost_orc_armoury, serial_shops,
          nicolae_shop_crystal

Skill      XL: |  1  2  3  4  5  6 |
---------------+-------------------+-----
Earth Magic    | 4 5 |  5.3
Dodging        | 2 |  2.5
Armour         | 1 2 3 |  3.6
Spellcasting   | 3 |  3.6
Transmutations | 1 |  1.2
Stealth        | |  2.1
Conjurations   | |  0.2

Action                   |  1- 3 |  4- 6 || total
-------------------------+-------+-------++-------
Melee: Dagger            |    39 |   167 ||   206
       Punch             |       |     3 ||     3
Throw: Dart              |       |     4 ||     4
       Boomerang         |       |     2 ||     2
       Stone             |       |     1 ||     1
 Cast: Sandblast         |    40 |    32 ||    72
       Stone Arrow       |       |    10 ||    10
  Use: Scroll            |       |     3 ||     3
Armor: Robe              |     6 |    36 ||    42
       Leather armour    |     4 |       ||     4
       Ring mail         |     9 |    65 ||    74
Dodge: Dodged            |    43 |   113 ||   156
Block: Buckler           |       |     2 ||     2
